 Dungeon Crawl Stone Soup version 0.17-a0-1769-g54adf96 (webtiles) character file.

15712 Stormsson the Basher (level 12, 0/111 HPs)
             Began as a Minotaur Berserker on Sept 6, 2015.
             Was a High Priest of Trog.
             Succumbed to Urug's poison
             ... on level 4 of the Lair of Beasts on Sept 7, 2015.
             The game lasted 01:34:50 (12432 turns).

Stormsson the Basher (Minotaur Berserker)          Turns: 12432, Time: 01:34:51

Health: 0/111      AC: 19    Str: 30    XL:     12   Next: 3%
Magic:  12/12      EV: 12    Int:  4    God:    Trog [*****.]
Gold:   805        SH:  0    Dex: 11    Spells: 0 memorised, 11 levels left

rFire  . . .     SeeInvis .     a - +4 mace
rCold  . . .     Clarity  .     u - +0 plate armour
rNeg   . . .     SustAt   .     (no shield)
rPois  .         Gourm    .     (helmet unavailable)
rElec  .         Spirit   .     (no cloak)
rCorr  .         Warding  .     (no gloves)
rMut   .         Stasis   .     (no boots)
MR     .....                    (no amulet)
Stlth  ..........               I - +4 ring of protection
                                k - +4 ring of strength

@: lethally poisoned (0 -> -42), not resistant to hostile enchantments,
extremely unstealthy
A: retaliatory headbutt, horns 3, blurry vision 1, mutation resistance 1
a: Burn Spellbooks, Berserk, Trog's Hand, Brothers in Arms, Renounce Religion


You were on level 4 of the Lair of Beasts.
You worshipped Trog.
Trog was extremely pleased with you.
You were not hungry.

You visited 2 branches of the dungeon, and saw 13 of its levels.

You collected 824 gold pieces.
You spent 19 gold pieces at shops.

Inventory:

Hand weapons
 a - a +4 mace (weapon)
 l - a +1 short sword of venom
 s - a +3 spear
 A - a +1 glaive of venom
 C - a +0 war axe of flaming
Missiles
 n - 43 poisoned needles (quivered)
Armour
 d - a +1 leather armour of cold resistance
 u - a +0 plate armour (worn)
 w - a +1 ring mail
Jewellery
 k - a +4 ring of strength (left hand)
 o - an uncursed ring of protection from fire
 p - an uncursed ring of poison resistance
 B - a +3 ring of evasion
 I - a +4 ring of protection (right hand)
 J - a +5 ring of intelligence
 O - an uncursed amulet of faith
Magical devices
 g - a wand of flame (29)
 t - a wand of teleportation (6)
 y - a wand of fire (0)
 z - a wand of confusion (35)
 H - a wand of lightning (6)
Scrolls
 e - 2 scrolls of recharging
 h - 7 scrolls of teleportation
 q - a scroll of blinking
 v - 3 scrolls of magic mapping
 F - a scroll of fog
 G - a scroll of fear {unknown}
 M - a scroll of brand weapon {unknown}
Potions
 f - a potion of invisibility
 j - a potion of might
 r - a potion of flight
 x - a potion of haste
 D - 2 potions of brilliance
Miscellaneous
 b - a plain deck of summoning
Comestibles
 c - 4 bread rations
 m - a meat ration
 K - 2 fruits
 L - a slice of pizza


   Skills:
 + Level 11.6 Fighting
 + Level 12.7 Maces & Flails
 + Level 11.3 Armour
 + Level 10.4 Dodging
 + Level 3.2 Stealth
 + Level 1.3 Evocations


You had 11 spell levels left.
You didn't know any spells.

Dungeon Overview and Level Annotations

Branches:
Dungeon (9/15)             Temple (0/1) D:6            Lair (4/8) D:9
    Orc (0/4) D:9
  Swamp: Lair:3-6    Shoals: Lair:3-6     Snake: Lair:3-6    Spider: Lair:3-6

Altars:
Cheibriados
Elyvilon
Okawaru
Qazlal
Ru
Yredelemnul
Zin
The Shining One

Shops:
D:4 %

Annotations:
D:6 Dowan
Lair:4 Urug


Innate Abilities, Weirdness & Mutations

You reflexively headbutt those who attack you in melee.
You have a pair of large horns on your head.
Scrolls take you a little longer to read.
You are somewhat resistant to further mutation.


Message History

Nothing appears to happen.
This wand has 6 charges left.
You feel very sick. Urug hits you with a war axe of venom!
* * * LOW HITPOINT WARNING * * *
You are more poisoned.
You hit Urug. Your headbutt misses Urug.
Urug is heavily wounded.
* * * LOW HITPOINT WARNING * * *
You feel very sick.
You bludgeon Urug!!
Urug is almost dead.
* * * LOW HITPOINT WARNING * * *
You feel very sick. Urug hits you with a war axe of venom!!
* * * LOW HITPOINT WARNING * * *
Aiming: Phantom Mirror
Press: ? - help, Dir - move target cursor, f - Urug
Aim: Urug, wielding a war axe of venom and wearing a leather armour (almost dead, unusually strong)
You reflect Urug with the mirror, and the mirror shatters!
You die...

#......
#.P#..###
#........
#.......##
.........#
#.........
#o.#....#.
#@o.......
##......#.....
#.............
#......#.#...
#...........
#......###.#
#....(##.8.##
##...##.....#
##..#.#8.<.8#


You could see Urug and the friendly Urug.

Vanquished Creatures
  Harold (Lair:3)
  3 hydras
  2 griffons
  2 black mambas
  4 spiny frogs
  3 komodo dragons
  A fire drake (Lair:3)
  The ghost of shakdrar the Firebug, an experienced OpFE (D:5)
  3 blink frogs (Lair:3)
  13 yaks
  4 wraiths (Lair:4)
  5 porcupines
  3 water moccasins
  Duvessa (D:6)
  An ice beast (D:7)
  A sky beast (D:8)
  2 orc warriors
  A black bear (D:7)
  2 phantoms
  5 centaurs
  5 ogres
  14 giant frogs
  2 big kobolds (D:8)
  A crocodile (Lair:2)
  2 scorpions
  A water moccasin skeleton (D:7)
  8 killer bees
  A quasit (D:7)
  An electric eel (Lair:2)
  3 crimson imps
  5 wights (D:9)
  A giant frog zombie (D:8)
  4 hounds
  2 jellies
  2 giant frog skeletons (D:4)
  4 iguanas
  2 orc priests
  2 centaur skeletons
  5 orc wizards
  7 worker ants
  19 sheep
  A hound zombie (D:5)
  3 worker ant zombies
  8 adders
  15 river rats
  A shadow imp (D:5)
  2 adder skeletons (D:4)
  An adder zombie (D:6)
  2 worms
  6 giant geckos
  16 orcs
  2 ball pythons (D:1)
  10 bats
  10 goblins
  6 hobgoblins
  10 jackals
  7 giant cockroaches
  A giant gecko zombie (D:5)
  7 giant newts
  2 gnoll zombies (D:8)
  2 jackal skeletons
  13 kobolds
  3 quokkas
  14 rats
291 creatures vanquished.

Vanquished Creatures (others)
  8 fungi (Lair:3)
  4 plants
12 creatures vanquished.

Grand Total: 303 creatures vanquished

Notes
Turn   | Place    | Note
--------------------------------------------------------------
     0 | D:1      | Stormsson the Minotaur Berserker began the quest for the Orb.
     0 | D:1      | Reached XP level 1. HP: 19/19 MP: 0/0
   423 | D:1      | Reached XP level 2. HP: 27/27 MP: 1/1
   469 | D:1      | Reached skill level 4 in Maces & Flails
  1132 | D:2      | Reached XP level 3. HP: 18/33 MP: 2/2
  1356 | D:2      | Upgraded the game from 0.17-a0-1767-gccbed74 to 0.17-a0-1769-g54adf96
  1505 | D:2      | Acquired Trog's second power
  2078 | D:3      | Reached XP level 4. HP: 39/41 MP: 3/3
  2358 | D:3      | Found a stormy altar of Qazlal.
  3033 | D:4      | Reached XP level 5. HP: 26/47 MP: 4/4
  3214 | D:4      | Reached skill level 5 in Maces & Flails
  3317 | D:4      | Reached skill level 5 in Fighting
  3330 | D:4      | Noticed a phantom
  3346 | D:4      | Killed a phantom
  3346 | D:4      | Reached skill level 1 in Stealth
  3346 | D:4      | Reached XP level 6. HP: 56/56 MP: 5/5
  3484 | D:4      | Found Neoreilu's Food Shoppe.
  3490 | D:4      | Bought a beef jerky for 19 gold pieces
  3512 | D:4      | Reached skill level 5 in Dodging
  3645 | D:5      | Entered Level 5 of the Dungeon
  3717 | D:5      | Noticed shakdrar's ghost (experienced OpFE)
  3731 | D:5      | Killed shakdrar's ghost
  3731 | D:5      | Reached skill level 6 in Maces & Flails
  3731 | D:5      | Reached XP level 7. HP: 62/62 MP: 6/6
  3778 | D:5      | Lost intelligence.
  4307 | D:5      | Found an iron altar of Okawaru.
  4823 | D:5      | Reached XP level 8. HP: 48/70 MP: 7/7
  5297 | D:6      | Reached skill level 7 in Maces & Flails
  5321 | D:6      | Reached skill level 5 in Armour
  5457 | D:6      | Found a staircase to the Ecumenical Temple.
  5598 | D:6      | Acquired Trog's third power
  5879 | D:6      | Gained mutation: You have a pair of large horns on your head. [potion of mutation]
  5879 | D:6      | Gained mutation: You are somewhat resistant to further mutation. [potion of mutation]
  5879 | D:6      | Gained mutation: Scrolls take you a little longer to read. [potion of mutation]
  5887 | D:6      | Noticed Duvessa
  5891 | D:6      | Noticed Dowan
  5908 | D:6      | Killed Duvessa
  6251 | D:6      | Found a sacrificial altar of Ru.
  6351 | D:7      | Reached XP level 9. HP: 64/79 MP: 8/8
  6487 | D:7      | Found a snail-covered altar of Cheibriados.
  6531 | D:7      | Reached skill level 8 in Maces & Flails
  6831 | D:8      | Reached skill level 9 in Maces & Flails
  7137 | D:8      | Found a basalt altar of Yredelemnul.
  7850 | D:8      | Found a glowing golden altar of the Shining One.
  7976 | D:8      | Reached XP level 10. HP: 90/90 MP: 9/9
  8359 | D:9      | Found a glowing silver altar of Zin.
  8359 | D:9      | Found a white marble altar of Elyvilon.
  8428 | D:9      | Reached skill level 10 in Maces & Flails
  8507 | D:9      | Found a staircase to the Orcish Mines.
  8590 | D:9      | Found a staircase to the Lair.
  8600 | Lair:1   | Entered Level 1 of the Lair of Beasts
  9684 | Lair:2   | Reached skill level 10 in Fighting
  9765 | Lair:2   | Reached skill level 11 in Maces & Flails
  9990 | Lair:2   | Noticed a black mamba
  9996 | Lair:2   | Killed a black mamba
 10005 | Lair:2   | Noticed an eight-headed hydra
 10014 | Lair:2   | Killed an eight-headed hydra
 10014 | Lair:2   | Reached XP level 11. HP: 91/101 MP: 10/10
 10240 | Lair:2   | Noticed a griffon
 10256 | Lair:2   | Killed a griffon
 10256 | Lair:2   | Reached skill level 10 in Dodging
 10937 | Lair:3   | Reached skill level 1 in Evocations
 11251 | Lair:3   | Noticed Harold
 11277 | Lair:3   | Killed Harold
 11312 | Lair:3   | Noticed a five-headed hydra
 11326 | Lair:3   | Killed a five-headed hydra
 11326 | Lair:3   | Reached skill level 12 in Maces & Flails
 11326 | Lair:3   | Reached skill level 10 in Armour
 11808 | Lair:3   | Noticed a five-headed hydra
 11818 | Lair:3   | Killed a five-headed hydra
 12304 | Lair:4   | Reached XP level 12. HP: 96/110 MP: 12/12
 12362 | Lair:4   | Identified a scroll of acquirement
 12421 | Lair:4   | Noticed Urug
 12431 | Lair:4   | HP: 4/111 [Urug/war axe of venom (18)]
 12432 | Lair:4   | Succumbed to Urug's poison

Vault maps used:
D:1:      saegor_arrival_simple_b, serial_forest, infiniplex_forest_end_1,
          infiniplex_forest_lined_2, infiniplex_forest_straight_2,
          infiniplex_forest_lined_room_, infiniplex_forest_clump_diagonal,
          infiniplex_forest_straight_3, serial_park_tiny_2,
          minmay_misc_feat_secret_circle, minmay_misc_feat_four_crosses
D:2:      first_bread, serial_park_tiny_pond
D:3:      lemuel_crystal_altar
D:4:      serial_curves, eino_curves_02, eino_curves_02, serial_shops,
          kennysheep_mini, minmay_box_of_dots
D:5:      basic_altar
D:6:      kennysheep_little_box, temple_hall, uniq_duvessa
D:7:      slow_altar_2
D:8:      tso_altar, lemuel_zombie_altar_yredelemnul
D:9:      gammafunk_temple_overflow_statue, david_lair_shrubbed, orc_0_dummy
Lair:1:   nicolae_quartered_pool_little, serial_bayou_shore_a
Lair:2:   infiniplex_staircase_pool, grunt_megastairs_4
Lair:3:   lemuel_fruit_fields, uniq_harold
Lair:4:   nicolae_swamp_entry_splash_gauntlet, st_stairs_12, grunt_megastairs_2,
          uniq_josephine, uniq_urug

Action                   |  1- 3 |  4- 6 |  7- 9 | 10-12 || total
-------------------------+-------+-------+-------+-------++-------
Melee: Mace              |    81 |    77 |   257 |   378 ||   793
Invok: Berserk           |       |     3 |     4 |     5 ||    12
       Burn Spellbooks   |       |       |     1 |     1 ||     2
       Trog's Hand       |       |       |     1 |     1 ||     2
       Brothers in Arms  |       |       |       |     1 ||     1
Evoke: Wand              |       |       |       |     5 ||     5
       Phantom mirror    |       |       |       |     1 ||     1
  Use: Scroll            |     6 |     6 |     8 |    10 ||    30
       Potion            |       |     2 |     8 |     2 ||    12
  Eat: Meat ration       |     1 |       |     2 |     1 ||     4
       Pizza             |       |     1 |       |     1 ||     2
       Royal jelly       |       |     2 |     1 |       ||     3
       Beef jerky        |       |       |     2 |     1 ||     3
       Bread ration      |       |       |     1 |     2 ||     3
       Fruit             |       |       |     3 |     3 ||     6
